Map: [ESL] Moondance

Players

PattyMac - Winner!

  • Race: Protoss Protoss
  • Spawn Location: 6:00

Zain

  • Race: Protoss Protoss
  • Spawn Location: 12:00

Event: DreamHack SC2 Masters 2022 Valencia

VOD

Have the link to the VOD?

Description

Time

  • Played on: July 1, 2022, 5:38 a.m.
  • Length: 5:22

All games in this series

Show
View Real Time Build Order
Export as new Build Order

PattyMac Protoss - Winner!

Build Orders:  

Get SALT Encoding   

  12  0:00  Probe  
  13  0:12  Probe  
  14  0:16  Pylon  
  14  0:24  Probe (Chrono Boost)  
  16  0:36  Probe (Chrono Boost), Gateway  
  16  0:41  Probe (Chrono Boost)  
  16  0:45  Assimilator  
  17  0:52  Probe  
  17  0:53  Assimilator  
  18  1:04  Probe (Chrono Boost)  
  18  1:06  Gateway  
  19  1:13  Probe (Chrono Boost)  
  20  1:18  Probe (Chrono Boost)  
  20  1:23  Cybernetics Core  
  21  1:30  Probe  
  22  1:35  Pylon  
  22  1:42  Probe  
  23  2:00  Robotics Facility  
  24  2:02  Stalker  
  24  2:05  Stalker  
  27  2:13  Warp Gate  
  27  2:21  Pylon  
  27  2:32  Stalker  
  27  2:35  Stalker  
  30  2:47  Immortal (Chrono Boost)  
  34  3:00  Gateway  
  34  3:16  Warp Prism (Chrono Boost)  
  36  3:23  Pylon  
  36  3:45  Immortal (Chrono Boost)  
  40  4:01  Adept x3  
  46  4:07  Pylon  
  46  4:26  Adept x3  
  50  4:49  Adept x2  
  54  4:55  Pylon  
Show
View Real Time Build Order
Export as new Build Order

Zain Protoss 

Build Orders:  

Get SALT Encoding   

  12  0:00  Probe  
  13  0:12  Probe  
  14  0:17  Pylon  
  14  0:24  Probe (Chrono Boost)  
  15  0:36  Probe (Chrono Boost), Gateway  
  16  0:44  Probe (Chrono Boost)  
  16  0:45  Assimilator  
  17  0:51  Probe  
  18  0:58  Assimilator  
  18  1:03  Probe (Chrono Boost)  
  19  1:07  Gateway  
  19  1:13  Probe (Chrono Boost)  
  20  1:18  Probe (Chrono Boost)  
  20  1:23  Cybernetics Core  
  21  1:29  Probe  
  22  1:36  Pylon  
  22  1:41  Probe  
  23  1:55  Probe  
  23  1:59  Stalker, Warp Gate (Chrono Boost)  
  23  2:00  Stalker  
  28  2:14  Probe  
  29  2:18  Pylon  
  29  2:26  Probe  
  30  2:36  Stalker x2  
  34  2:39  Shield Battery  
  34  2:50  Probe  
  35  3:11  Nexus  
  37  3:13  Sentry x2  
  39  3:20  Shield Battery  
  39  3:33  Probe, Robotics Facility  
  39  3:35  Pylon  
  39  3:42  Shield Battery  
  39  3:49  Pylon  
  39  4:06  Shield Battery  
  39  4:07  Gateway  
  39  4:11  Stalker  
  39  4:16  Gateway  
  41  4:18  Immortal (Chrono Boost)  
  45  4:30  Probe  
  46  4:34  Pylon  
  50  4:53  Stalker  
  46  5:10  Zealot x2  
  42  5:19  Stalker  

Tags
 
Add a new tag
Caveats
  • Supply blocks, unpowered buildings, or Contaminate may cause inaccurate times.
  • Supply counts are checked every 10 seconds.